 Dungeon Crawl Stone Soup version 0.24.0-41-g2ae2f7f1be (webtiles) character file.

Game seed: 8780114374737571786, levelgen mode: deterministic

248 Kobolds4U the Conjurer (level 5, -1/28 HPs)
             Began as a Deep Elf Conjurer on Dec 14, 2019.
             Slain by Grinder (2 damage)
             ... on level 3 of the Dungeon.
             The game lasted 00:08:05 (3804 turns).

Kobolds4U the Conjurer (Deep Elf Conjurer)          Turns: 3804, Time: 00:08:07

Health: -1/28      AC:  3    Str:  6    XL:     5   Next: 86%
Magic:  4/11       EV: 13    Int: 20    God:
Gold:   198        SH:  0    Dex: 15    Spells: 7/10 levels left

rFire    . . .     SeeInvis .   l - +2 dagger (freeze)
rCold    . . .     Gourm    .   (no shield)
rNeg     . . .     Faith    .   a - +0 robe
rPois    .         Spirit   .   k - +0 helmet
rElec    .         Reflect  .   (no cloak)
rCorr    .         Harm     .   (no gloves)
MR       .....                  (no boots)
Stlth    ++........             (no amulet)
HPRegen  0.09/turn              (no ring)
MPRegen  0.12/turn              (no ring)

@: no status effects
A: no striking features
a: no special abilities


You were on level 3 of the Dungeon.
You were not hungry.

You visited 1 branch of the dungeon, and saw 3 of its levels.

You collected 198 gold pieces.

Inventory:

Hand Weapons
 g - a +0 short sword
 l - a +2 dagger of freezing (weapon)
Armour
 a - a +0 robe (worn)
 k - a +0 helmet (worn)
Jewellery
 d - an uncursed ring of ice
Wands
 m - a wand of acid (7)
Scrolls
 b - 3 scrolls of remove curse {unknown}
 e - a scroll of random uselessness {unknown}
 h - a scroll of identify {unknown}
Potions
 f - a potion of lignification {unknown}
 j - a potion of agility {unknown}
Comestibles
 c - 7 rations


   Skills:
 - Level 2.4 Dodging
 - Level 2.4 Stealth
 - Level 3.0 Spellcasting
 + Level 7.9 Conjurations


You had 7 spell levels left.
You knew the following spells:

 Your Spells              Type           Power        Failure   Level  Hunger
a - Magic Dart            Conj           ####         1%          1    None
b - Searing Ray           Conj           ####..       1%          2    ##.....

Your spell library contained the following spells:

 Spells                   Type           Power        Failure   Level  Hunger
 Iskenderun's Mystic Bla  Conj           ####....     5%          4    ####...
 Dazzling Spray           Conj/Hex       ###...       9%          3    ###....
 Force Lance              Conj/Tloc      ###.....     28%         4    ####...
 Fulminant Prism          Conj/Hex       ###.......   28%         4    ####...


Dungeon Overview and Level Annotations

Branches:
Dungeon (3/15)

Altars:
Elyvilon
Fedhas
Kikubaaqudgha

Annotations:
D:3 Grinder


Message History

Grinder gestures at you. Pain shoots through your body!
Ouch! That really hurt!
* * * LOW HITPOINT WARNING * * *
The searing ray hits Grinder!
Grinder is moderately wounded.
The searing ray hits Grinder!
Grinder is severely wounded.
You finish channeling your searing ray.
Casting: Searing Ray (safe; 1% risk of failure)
Confirm with . or Enter, or press ? or * to list all spells.
Aiming: Searing Ray (safe; 1% risk of failure)
Press: ? - help, Shift-Dir - straight line The searing ray hits Grinder.
Grinder is severely wounded. (Press . to maintain the ray.) Grinder hits you.
* * * LOW HITPOINT WARNING * * *
You writhe in agony.
You die...

#........# #.#....!...
#........# #.#.#
###........# #.#5#
#..........# ###.#.######
#..........# #....<.....#
#..........###.#.######.#
########'#..##.#...รท..#.#
#.#..##5#.#....#.#
#.##.##@#.######.#
#.##..#.#........#
#.##..#.########.#
##.###...###### ###
#...............
##..###..####### #..# #.>#
#..# #### #..#


You could see Grinder.

Vanquished Creatures
  Natasha (thrice) (D:2)
  Robin (D:3)
  4 adders
  A shadow imp (D:3)
  3 dart slugs
  A leopard gecko (D:2)
  7 orcs (D:3)
  A ball python (D:2)
  10 bats
  A bat zombie (D:3)
  3 giant cockroaches
  15 goblins
  17 hobgoblins
  8 jackals (D:2)
  3 quokkas
  3 frilled lizards
  6 kobolds
  10 rats
  2 rat zombies (D:3)
99 creatures vanquished.

Notes
Turn   | Place    | Note
-------+----------+-------------------------------------------
     0 | D:1      | Kobolds4U the Deep Elf Conjurer began the quest for the
                  | Orb.
     0 | D:1      | Reached XP level 1. HP: 10/10 MP: 6/6
   513 | D:1      | Reached XP level 2. HP: 15/15 MP: 5/8
   517 | D:1      | Learned a level 2 spell: Searing Ray
   610 | D:1      | Reached skill level 5 in Conjurations
  1184 | D:2      | Reached XP level 3. HP: 19/19 MP: 4/9
  1463 | D:2      | Reached skill level 6 in Conjurations
  1561 | D:2      | Noticed Natasha
  1564 | D:2      | Killed Natasha
  1564 | D:2      | Reached XP level 4. HP: 18/24 MP: 6/10
  1608 | D:2      | Noticed Natasha
  1614 | D:2      | Killed Natasha
  1667 | D:2      | Noticed Natasha
  1671 | D:2      | Killed Natasha
  1765 | D:2      | Found a white marble altar of Elyvilon.
  1786 | D:2      | Reached skill level 7 in Conjurations
  1786 | D:2      | Reached XP level 5. HP: 28/28 MP: 7/11
  2202 | D:3      | Noticed Grinder
  2304 | D:3      | Found a blossoming altar of Fedhas.
  2376 | D:3      | Paralysed by Grinder for 3 turns
  2827 | D:3      | Noticed Robin
  3015 | D:3      | Killed Robin
  3568 | D:3      | Found an ancient bone altar of Kikubaaqudgha.
  3804 | D:3      | HP: 1/28 [Grinder (4)]
  3804 | D:3      | Slain by Grinder

Levels and vault maps discovered:
D:1:      dpeg_arrival_concentric_ovals, layout_basic, minmay_misc_feat_rugged
D:2:      layout_rooms, lemuel_crystal_altar, uniq_natasha
D:3:      layout_basic, lemuel_zombie_altar_kikubaaqudgha,
          fedhas_altar_fruit_tree, first_ration, uniq_grinder, uniq_robin

Skill      XL: |  1  2  3  4 |
---------------+-------------+-----
Conjurations   | 5 6 7 |  7.9
Dodging        | |  2.4
Stealth        | |  2.4
Spellcasting   | |  3.0

Action                   |  1- 3 |  4- 6 || total
-------------------------+-------+-------++-------
Melee: Short sword       |     2 |       ||     2
       Dagger            |     4 |     6 ||    10
 Cast: Magic Dart        |    70 |    65 ||   135
       Searing Ray       |       |    14 ||    14
 Stab: Sleeping          |       |     3 ||     3
  Eat: Chunk             |     2 |     7 ||     9
Armor: Robe              |     4 |     5 ||     9
Dodge: Dodged            |    23 |    20 ||    43
